 Dungeon Crawl Stone Soup version 0.20.1-1-g8b1a95d (webtiles) character file.

7067 ReignOfFire the Carver (level 10, -13/79 HPs)
             Began as a Demonspawn Gladiator on July 19, 2017.
             Was a Believer of Makhleb.
             Mangled by a two-headed ogre
             ... wielding a +0 giant club
              (15 damage)
             ... on level 10 of the Dungeon.
             The game lasted 00:14:18 (9359 turns).

ReignOfFire the Carver (Demonspawn Gladiator)       Turns: 9359, Time: 00:14:19

Health: -13/79     AC: 15    Str: 20    XL:     10   Next: 83%
Magic:  0/10       EV:  8    Int:  9    God:    Makhleb [**....]
Gold:   621        SH:  4    Dex: 17    Spells: 9/9 levels left

rFire    . . .     SeeInvis .   p - +2 great sword
rCold    . . .     Gourm    .   (shield currently unavailable)
rNeg     . . .     Faith    .   N - +0 plate armour
rPois    .         Spirit   +   c - +0 helmet
rElec    .         Reflect  .   d - +0 cloak
rCorr    .         Harm     .   (gloves unavailable)
MR       +....                  (no boots)
Stlth    ..........             O - amulet of guardian spirit
Regen    0.3/turn               k - +2 ring of intelligence
MPRegen  0.3/turn               D - ring of protection from magic

@: no status effects
A: claws 3, large bone plates 1, agile 1, dopey 1, powered by death 1, strong 1,
wild magic 1, magic shield, magic regeneration
a: Minor Destruction, Renounce Religion


You were on level 10 of the Dungeon.
You worshipped Makhleb.
Makhleb was pleased with you.
You were hungry.

You visited 2 branches of the dungeon, and saw 11 of its levels.

You collected 621 gold pieces.

Inventory:

Hand Weapons
 a - a +0 long sword
 p - a +2 great sword (weapon)
Armour
 c - a +0 helmet (worn)
 d - a +0 cloak (worn)
 I - a cursed +0 pair of gloves
 N - a +0 plate armour (worn)
Jewellery
 e - an uncursed amulet of the gourmand
 k - a +2 ring of intelligence (left claw)
 t - an uncursed ring of protection from magic
 w - an uncursed ring of ice
 A - an uncursed amulet of rage
 D - a ring of protection from magic (right claw)
 G - a cursed ring of loudness
 O - an amulet of guardian spirit (around neck)
 W - an uncursed ring of protection from cold {unknown}
 X - an uncursed ring of magical power {unknown}
Wands
 C - a wand of acid (0/15)
 J - a wand of scattershot (0/9)
 L - a wand of acid (6/15)
 Q - a wand of disintegration (10/24)
 S - a wand of disintegration (15/24)
Scrolls
 g - 3 scrolls of identify
 l - 2 scrolls of blinking {unknown}
 q - a scroll of remove curse
 s - 3 scrolls of recharging {unknown}
 u - 2 scrolls of teleportation {unknown}
 y - a scroll of fog {unknown}
 B - a scroll of torment {unknown}
 E - a scroll of silence {unknown}
 H - 3 scrolls of enchant armour {unknown}
 K - a scroll of magic mapping {unknown}
 P - a scroll of holy word {unknown}
 R - 2 scrolls of fear {unknown}
Potions
 b - 2 potions of degeneration {unknown}
 j - 2 potions of heal wounds
 n - a potion of might {unknown}
 o - 2 potions of curing
 r - a potion of invisibility {unknown}
 v - a potion of haste {unknown}
 x - a potion of brilliance {unknown}
 z - 2 potions of lignification {unknown}
 T - a potion of mutation {unknown}
 U - 2 potions of berserk rage {unknown}
Books
 F - a book of Minor Magic

   Spells                             Type                      Level
   a - Magic Dart                     Conjuration                  1
   b - Blink                          Translocation                2
   c - Call Imp                       Summoning                    2
   d - Slow                           Hexes                        2
   e - Conjure Flame                  Conjuration/Fire             3
   f - Mephitic Cloud                 Conjuration/Poison/Air       3
 M - a book of Frost

   Spells                             Type                      Level
   a - Freeze                         Ice                          1
   b - Throw Frost                    Conjuration/Ice              2
   c - Ozocubu's Armour               Charms/Ice                   3
   d - Throw Icicle                   Conjuration/Ice              4
   e - Summon Ice Beast               Ice/Summoning                4
 V - a book of Conjurations

   Spells                             Type                      Level
   a - Magic Dart                     Conjuration                  1
   b - Searing Ray                    Conjuration                  2
   c - Dazzling Spray                 Conjuration/Hexes            3
   d - Fulminant Prism                Conjuration/Hexes            4
   e - Force Lance                    Conjuration/Translocation    4
   f - Iskenderun's Mystic Blast      Conjuration                  4
Comestibles
 f - a bread ration
 h - 8 fruits
 i - 16 royal jellies
 m - 4 meat rations
 Y - 7 chunks of flesh


   Skills:
 + Level 7.1 Fighting
 * Level 11.4 Long Blades
 + Level 2.1 Throwing
 + Level 6.5 Armour
 + Level 4.7 Dodging
 + Level 2.4 Stealth
 + Level 0.4 Evocations


You had 9 spell levels left.
You didn't know any spells.

Dungeon Overview and Level Annotations

Branches:
Dungeon (10/15)            Temple (1/1) D:7            Lair (0/6) D:9
    Orc: D:9-12

Altars:
Ashenzari
Cheibriados
Dithmenos
Elyvilon
Fedhas
Gozag
Hepliaklqana
Makhleb
Nemelex Xobeh
Ru
Sif Muna
Trog
Uskayaw
Yredelemnul
Zin
The Shining One

Shops:
D:8 [(?

Annotations:
D:3 ReignOfFire's ghost, amateur DsGl


Innate Abilities, Weirdness & Mutations

You have claws for hands.
You are partially covered in large bone plates. (SH +4)
You regenerate a little health from kills.
When hurt, damage is shared between your health and your magic reserves.
You regenerate magic rapidly.
You are agile. (Dex +2)
You are dopey. (Int -2)
Your muscles are strong. (Str +2)
Your spells are a little harder to cast, but a little more powerful.


Message History

The two-headed ogre hits you with a giant club.
The two-headed ogre hits you with a giant spiked club!
You are feeling hungry.
You hit the two-headed ogre but do no damage.
The two-headed ogre is severely wounded.
You block the two-headed ogre's attack.
The two-headed ogre hits you with a giant spiked club.
You completely miss the two-headed ogre.
The two-headed ogre is severely wounded.
The two-headed ogre hits you with a giant club!!
* * * LOW HITPOINT WARNING * * *
The two-headed ogre hits you with a giant spiked club.
* * * LOW HITPOINT WARNING * * *
You slash the two-headed ogre!
The two-headed ogre is almost dead.
The two-headed ogre closely misses you.
You riposte.
Your plate armour prevents you from hitting the two-headed ogre.
The two-headed ogre is almost dead.
The two-headed ogre hits you with a giant spiked club!
You die...

..........# #..........
..........###..........
..........'.#..........
..........#.#..........
######'####†#>.........
#...# #[)..........
#.### ###.......... #.#
###.###### ####.#####
#.@O5.# .........#
#####.######
.........####
#............ .
............#
#....<....... .
.........##.
#............ .
.........#
#............ .
...[.....#
5............. .
.........#
###§........... .
.........#
########.#### .


You could see a two-headed ogre and a crimson imp.

Vanquished Creatures
  2 two-headed ogres
  The ghost of Chifra the Poker, a novice MfSk of Sif Muna (D:7)
  A troll (D:10)
  2 hornets (D:9)
  2 hippogriffs
  3 hungry ghosts
  2 soldier ants (D:9)
  A water moccasin (D:9)
  2 hell hounds (D:9)
  An orc warrior (D:10)
  An ice beast (D:10)
  2 black bears
  2 phantoms
  2 sky beasts
  2 ogres (D:6)
  3 centaurs
  A big kobold (D:9)
  2 bullfrogs
  A gnoll sergeant (D:10)
  A water moccasin zombie (D:6)
  A scorpion (D:6)
  A water moccasin skeleton (D:10)
  5 killer bees (D:10)
  2 howler monkeys
  5 wights (D:8)
  4 crimson imps
  A centaur zombie (D:9)
  2 jellies
  An orc priest (D:4)
  A gnoll shaman (D:7)
  6 hounds
  2 centaur skeletons (D:5)
  4 orc wizards
  Crazy Yiuf (D:2)
  Natasha (D:3)
  4 iguanas
  5 worker ants
  A killer bee zombie (D:9)
  A hound zombie (D:5)
  A hound skeleton (D:5)
  A howler monkey zombie (D:9)
  3 worker ant zombies
  18 adders
  15 gnolls
  A shadow imp (D:8)
  An ooze (D:1)
  An adder skeleton (D:8)
  4 adder zombies
  3 worms
  2 dart slugs
  9 leopard geckos
  21 orcs
  4 giant cockroaches
  2 goblins (D:2)
  11 hobgoblins
  9 jackals
  6 quokkas
  2 ball pythons (D:6)
  3 bats (D:2)
  4 frilled lizards
  2 jackal zombies (D:5)
  11 kobolds
  A leopard gecko skeleton (D:7)
  A quokka zombie (D:6)
  4 rats
222 creatures vanquished.

Notes
Turn   | Place    | Note
-------+----------+-------------------------------------------
     0 | D:1      | ReignOfFire the Demonspawn Gladiator began the quest for the Orb.
     0 | D:1      | Reached XP level 1. HP: 16/16 MP: 1/1
   108 | D:1      | Gained mutation: You regenerate a little health from kills. [demonic ancestry]
   108 | D:1      | Reached XP level 2. HP: 17/22 MP: 2/2
   229 | D:1      | Reached skill level 3 in Long Blades
   446 | D:2      | Gained mutation: You have sharp fingernails. [demonic ancestry]
   446 | D:2      | Reached XP level 3. HP: 27/27 MP: 3/3
   571 | D:2      | Found a runed door.
   636 | D:2      | Gained mutation: You are partially covered in large bone plates. (SH +4) [demonic ancestry]
   636 | D:2      | Reached XP level 4. HP: 11/34 MP: 4/4
   973 | D:2      | Reached skill level 1 in Armour
   974 | D:2      | Found a blossoming altar of Fedhas.
  1238 | D:2      | Noticed Crazy Yiuf
  1259 | D:2      | Killed Crazy Yiuf
  1259 | D:2      | Reached skill level 4 in Long Blades
  1259 | D:2      | Reached skill level 1 in Stealth
  1259 | D:2      | Gained mutation: You have very sharp fingernails. [demonic ancestry]
  1259 | D:2      | Reached XP level 5. HP: 25/39 MP: 5/5
  1493 | D:3      | Noticed Natasha
  1498 | D:3      | Killed Natasha
  1531 | D:3      | Noticed ReignOfFire's ghost (amateur DsGl)
  1549 | D:3      | Found a sparkling altar of Nemelex Xobeh.
  1972 | D:4      | Gained mutation: When hurt, damage is shared between your health and your magic reserves. [demonic ancestry]
  1972 | D:4      | Reached XP level 6. HP: 14/47 MP: 6/6
  2582 | D:5      | Entered Level 5 of the Dungeon
  2640 | D:5      | Reached skill level 5 in Long Blades
  2690 | D:5      | Noticed a sky beast
  2710 | D:5      | Killed a sky beast
  2714 | D:5      | Gained mutation: You are dopey. (Int -2) [mutagenic meat]
  2901 | D:5      | Reached XP level 7. HP: 52/52 MP: 7/7
  2953 | D:5      | Found a shadowy altar of Dithmenos.
  2954 | D:5      | Found a sacrificial altar of Ru.
  3687 | D:6      | Reached skill level 6 in Long Blades
  4061 | D:6      | Gained mutation: You have claws for hands. [demonic ancestry]
  4061 | D:6      | Reached XP level 8. HP: 33/60 MP: 4/8
  4129 | D:6      | Found a glowing silver altar of Zin.
  4514 | D:6      | Reached skill level 7 in Long Blades
  4813 | D:6      | Found a bloodstained altar of Trog.
  5273 | D:7      | Reached skill level 5 in Fighting
  5315 | D:7      | Noticed Chifra's ghost (novice MfSk)
  5348 | D:7      | Killed Chifra's ghost
  5348 | D:7      | Reached skill level 8 in Long Blades
  5348 | D:7      | Gained mutation: You regenerate magic rapidly. [demonic ancestry]
  5348 | D:7      | Reached XP level 9. HP: 50/68 MP: 7/9
  5597 | D:7      | Found a staircase to the Ecumenical Temple.
  5638 | D:7      | Reached skill level 5 in Armour
  5666 | Temple   | Entered the Ecumenical Temple
  5695 | Temple   | Became a worshipper of Makhleb the Destroyer
  6404 | D:8      | Found Kisor's Magic Scroll Boutique.
  6709 | D:8      | Found Goschu's Antique Armour Boutique.
  6816 | D:8      | Noticed a two-headed ogre
  6823 | D:8      | Killed a two-headed ogre
  6823 | D:8      | Reached skill level 9 in Long Blades
  6923 | D:8      | Found Doohij's Weapon Shoppe.
  7407 | D:9      | Reached XP level 10. HP: 14/77 MP: 3/10
  7714 | D:9      | Paralysed by a hornet for 3 turns
  7719 | D:9      | Reached skill level 10 in Long Blades
  8059 | D:9      | Reached * piety under Makhleb
  8064 | D:9      | Noticed a two-headed ogre
  8076 | D:9      | Killed a two-headed ogre
  8462 | D:9      | Found a staircase to the Lair.
  8556 | D:9      | Found a hide-covered altar of Uskayaw.
  8809 | D:10     | Entered Level 10 of the Dungeon
  9016 | D:10     | Reached skill level 11 in Long Blades
  9114 | D:10     | Gained mutation: You are agile. (Dex +2) [mutagenic meat]
  9115 | D:10     | Gained mutation: Your spells are a little harder to cast, but a little more powerful. [mutagenic meat]
  9116 | D:10     | Gained mutation: Your muscles are strong. (Str +2) [mutagenic meat]
  9310 | D:10     | Reached ** piety under Makhleb
  9345 | D:10     | Noticed a two-headed ogre
  9358 | D:10     | HP: 2/79 [two-headed ogre/giant club (4)]
  9359 | D:10     | Mangled by a two-headed ogre

Skill      XL: |  1  2  3  4  5  6  7  8  9 10 |
---------------+-------------------------------+-----
Dodging        | 3 4 |  4.7
Long Blades    | 3 4 5 6 8 9 11 | 11.4
Throwing       | 2 |  2.1
Armour         | 1 2 3 4 5 6 |  6.5
Stealth        | 1 2 |  2.4
Fighting       | 3 4 5 6 7 |  7.1
Evocations     | |  0.4

Action                   |  1- 3 |  4- 6 |  7- 9 | 10-12 || total
-------------------------+-------+-------+-------+-------++-------
Melee: Long sword        |    85 |   233 |   404 |       ||   722
       Great sword       |       |       |    91 |   239 ||   330
Throw: Throwing net      |       |     3 |       |       ||     3
Evoke: Wand              |       |       |     6 |       ||     6
  Use: Scroll            |       |       |     4 |       ||     4
       Potion            |       |       |       |     3 ||     3
 Stab: Held in net/web   |       |     3 |       |       ||     3
       Sleeping          |       |       |     1 |       ||     1
  Eat: Chunk             |       |     8 |    17 |    11 ||    36
       Bread ration      |       |       |     1 |     2 ||     3
Armor: Leather armour    |    27 |    25 |       |       ||    52
       Ring mail         |       |    59 |   110 |       ||   169
       Plate armour      |       |       |   129 |   190 ||   319
Dodge: Dodged            |    75 |   132 |   253 |    90 ||   550
Block: Other             |       |    52 |    95 |    48 ||   195
       Rpst.: Long sword |    26 |    44 |    67 |       ||   137
       Great sword       |       |       |    16 |    24 ||    40
